[Event "*** Titled Tuesday Blitz"]
[Site "Chess.com"]
[Date "2020.12.01"]
[Round "1"]
[White "Ermito2020"]
[Black "VladaSviridova"]
[Result "1-0"]
[WhiteElo "2601"]
[BlackElo "2291"]
[TimeControl "180+1"]
[EndTime "10:06:44 PST"]
[Termination "Ermito2020 won by resignation"]

1. e4 e6 2. d4 d5 3. Nc3 Bb4 4. e5 c5 5. a3 Bxc3+ 6. bxc3 Ne7 7. Qg4 O-O 8. Bd3 Nbc6 9. Bg5 Qa5 10. Ne2 Ng6 11. h4 Qa4 12. Qg3 c4 13. Bxg6 fxg6 14. Rc1 Rf5 15. Qg4 h6 16. Be3 Kh7 17. Nf4 Ne7 18.
Kd2 Bd7 19. h5 g5 20. Ng6 Nxg6 21. hxg6+ Kxg6 22. f4 Rh8 23. Qh5+ Kh7 24. fxg5 Be8 25. Qh3 h5 26. g4 Rff8 27. gxh5 Kg8 28. Qxe6+ Bf7 29.
Qg4 Qxa3 30. g6 Qe7 31. gxf7+ Rxf7 32. Rcf1 Rxf1 33. Rxf1 Rh7 34. Qc8+ 1-0

[Event "*** Titled Tuesday Blitz"]
[Site "Chess.com"]
[Date "2020.12.01"]
[Round "1"]
[White "Sokoloco"]
[Black "champ2005"]
[Result "0-1"]
[WhiteElo "2456"]
[BlackElo "3022"]
[TimeControl "180+1"]
[EndTime "10:06:45 PST"]
[Termination "champ2005 won by resignation"]

1. b3 d5 2. Bb2 Bg4 3. Nf3 Nf6 4. e3 Nbd7 5. Be2 e6 6. O-O Bd6 7. d4 O-O 8. c4 c6 9. Nbd2 Qe7 10. Ne5 Bxe2 11.
Qxe2 Rfe8 12. Ndf3 Ne4 13. h3 Rad8 14. Nxd7 Qxd7 15.
Nd2 Nf6 16. e4 e5 17. exd5 exd4 18. Qd3 cxd5 19. Rad1 dxc4 20. Nxc4 Bc5 21. a3 a6 22. b4 Ba7 23. Rfe1 Rxe1+ 24. Rxe1 Re8 25. Rxe8+ Qxe8 26. Kf1 h6 27. Nd2 Nh5 28. Qf3 Qb5+ 29. Ke1 Qe5+ 30.
Qe4 Qxe4+ 31. Nxe4 Nf4 32. Kd2 Nxg2 33. Nd6 b5 34. Nc8 Bb8 35. Bxd4 Nf4 36. h4 Ng6 37. h5 Nf4 38. Ne7+ Kf8 39. Nf5 Nxh5 40. Ke3 g6 41. Bc5+ Ke8 42. Nd4 Kd7 43. Nf3 Ng7 44.
Nd4 Be5 45. Nb3 Nf5+ 46. Kd3 h5 47. Bf8 h4 48. Nc5+ Ke8 49. Ke4 Bh2 0-1

[Event "*** Titled Tuesday Blitz"]
[Site "Chess.com"]
[Date "2020.12.01"]
[Round "1"]
[White "vanea_03"]
[Black "DinaBelenkaya"]
[Result "0-1"]
[WhiteElo "2719"]
[BlackElo "2392"]
[TimeControl "180+1"]
[EndTime "10:06:46 PST"]
[Termination "DinaBelenkaya won by resignation"]

1. d4 d5 2. c4 dxc4 3. e3 Nf6 4. Bxc4 a6 5. Nf3 e6 6. O-O c5 7. dxc5 Bxc5 8. Be2 O-O 9. Nbd2 b6 10. Nb3 Be7 11. Qxd8 Rxd8 12. Ne5 Bb7 13. f3 Nbd7 14. Nc4 a5 15. a4 Ba6 16. Rf2 Rac8 17. Na3 Bxe2 18.
Rxe2 Nc5 19. Nxc5 Bxc5 20. Re1 Bb4 21. Rf1 Bxa3 22. Rxa3 Rc2 23. Rb3 Rdc8 24. Rc3 R8xc3 25. bxc3 Rxc3 26. e4 Kf8 27. Bf4 Rc4 28. Ra1 Ke7 29. Be3 Rb4 30. Bd2 Rb3 31. Rc1 Kd7 32. Bf4 Ne8 33.
Rd1+ Ke7 34. Rc1 f6 35. Kf2 e5 36. Be3 Kd7 37. Rd1+ Nd6 38. g4 Kc6 39. Rc1+ Kd7 40. h4 Rb4 41. h5 Nc4 42. Rd1+ Ke6 43. h6 Rb2+ 44. Kg3 Nxe3 45. Rd6+ Kf7 46. Rd7+ Kg6 47. hxg7 Nf1+ 0-1

[Event "*** Titled Tuesday Blitz"]
[Site "Chess.com"]
[Date "2020.12.01"]
[Round "1"]
[White "QuintilianoR"]
[Black "AcsinteMatei"]
[Result "1-0"]
[WhiteElo "2650"]
[BlackElo "2318"]
[TimeControl "180+1"]
[EndTime "10:06:47 PST"]
[Termination "QuintilianoR won by resignation"]

1. d4 Nf6 2. c4 e6 3. Nf3 a6 4.
Nc3 b5 5. cxb5 axb5 6. Nxb5 Ba6 7. Nc3 c5 8. e3 Bxf1 9. Kxf1 cxd4 10. Nxd4 Bb4 11.
Bd2 O-O 12. g3 d5 13. Kg2 e5 14. Nf3 Nc6 15. a3 Bc5 16. Rc1 e4 17. Nh4 Ne5 18.
Nb5 Nd3 19. Rc2 Qd7 20. Nd4 Bxd4 21. exd4 g5 22. Bxg5 Ra6 23. Be3 Kh8 24. h3 Rg8 25. Kh2 Ne8 26. Rd2 f5 27. Rxd3 exd3 28. Qxd3 Rf6 29.
Bf4 Ng7 30. Be5 Rh6 31. Nxf5 Rh5 32. g4 Rg5 33. Bxg7+ R5xg7 34. Nxg7 Rxg7 35. Rc1 Rf7 36. Qg3 Qb5 37. Qe5+ Kg8 38. Rc8+ 1-0

[Event "*** Titled Tuesday Blitz"]
[Site "Chess.com"]
[Date "2020.12.01"]
[Round "1"]
[White "Enriquack"]
[Black "Natalya_Buksa"]
[Result "0-1"]
[WhiteElo "2278"]
[BlackElo "2587"]
[TimeControl "180+1"]
[EndTime "10:06:47 PST"]
[Termination "Natalya_Buksa won by resignation"]

1. e4 c5 2. Nf3 Nc6 3. Bb5 g6 4. O-O Bg7 5. d3 e5 6. a3 Nge7 7. b4 d6 8. Bg5 f6 9. Be3 cxb4 10. axb4 O-O 11. Bc4+ Kh8 12. b5 Na5 13. Ba2 b6 14. Nc3 f5 15. Bd2 Ng8 16. Ng5 Nh6 17. Qf3 fxe4 18.
Qxe4 Bf5 19. Qd5 Qe7 20. Rae1 Nb7 21. Nge4 Ng4 22. Bg5 Qc7 23. h3 Nf6 24. Bxf6 Bxf6 25. Qc6 Rac8 26. Qxc7 Rxc7 27. Nd5 Rxc2 28. Bc4 Bd8 29. Ne3 Rb2 30. Ra1 Bxe4 31. dxe4 Bg5 32. Ng4 Na5 33. Bd3 h5 34. Nh2 Rd2 35. Rad1 Rfxf2 36.
Nf3 Rxf1+ 37. Rxf1 Be3+ 0-1

[Event "*** Titled Tuesday Blitz"]
[Site "Chess.com"]
[Date "2020.12.01"]
[Round "1"]
[White "Bulldog167"]
[Black "GM4life"]
[Result "0-1"]
[WhiteElo "2620"]
[BlackElo "2329"]
[TimeControl "180+1"]
[EndTime "10:06:48 PST"]
[Termination "GM4life won by checkmate"]

1. Nf3 d5 2. g3 Nf6 3. Bg2 e6 4. O-O Be7 5. c4 O-O 6. b3 c5 7. Bb2 Nc6 8. e3 d4 9. exd4 cxd4 10. d3 e5 11. Re1 Nd7 12. Ba3 a5 13. Bxe7 Qxe7 14.
Nbd2 f5 15. Nxe5 Ncxe5 16. f4 Qd6 17. fxe5 Nxe5 18. Bd5+ Kh8 19. Nf3 Ng4 20. Ng5 Ne3 21. Qh5 h6 22. Nf7+ Rxf7 23. Qxf7 Bd7 24. Re2 Rf8 25.
Qh5 f4 26. Rf2 Bg4 27. Qh4 g5 28. Qxg4 Nxg4 29. Rf3 fxg3 30. Rxg3 Ne3 31. Re1 Nxd5 32. cxd5 Qxd5 33. Re4 Rf4 34. Re8+ Kg7 35. Rg2 Qf5 36. Re1 Qxd3 37. Rge2 Kg6 38. Re6+ Kh5 39. R6e2 Rg4+ 40. Kf2 Qf5# 0-1

[Event "*** Titled Tuesday Blitz"]
[Site "Chess.com"]
[Date "2020.12.01"]
[Round "1"]
[White "GameOverBro"]
[Black "rududuyk"]
[Result "1-0"]
[WhiteElo "2539"]
[BlackElo "2201"]
[TimeControl "180+1"]
[EndTime "10:06:48 PST"]
[Termination "GameOverBro won on time"]

1. e4 e6 2. d4 d5 3. Nd2 Nf6 4. e5 Nfd7 5. f4 c5 6. c3 Nc6 7. Ndf3 cxd4 8. cxd4 a5 9. a3 a4 10. Bd3 Nb6 11. Ne2 Na5 12. Be3 Nb3 13. Rb1 Bd7 14. O-O g6 15. Nc1 Nc4 16. Bf2 Qb6 17. Bxc4 dxc4 18. d5 Qa6 19. d6 h5 20. Na2 Bh6 21.
Be3 Bc6 22. Nc3 O-O 23. Qe1 b5 24. Qh4 Qb7 25. Rf2 b4 26. axb4 a3 27. bxa3 Rxa3 28. b5 Be4 29. Rd1 Ra1 30. Qe7 Rxd1+ 31. Nxd1 Qxb5 32.
Nc3 Qa5 33. Nxe4 c3 34. d7 c2 35. Rxc2 Qa1+ 36. Kf2 1-0

[Event "*** Titled Tuesday Blitz"]
[Site "Chess.com"]
[Date "2020.12.01"]
[Round "1"]
[White "vwnv7"]
[Black "Oleksandr_Bortnyk"]
[Result "0-1"]
[WhiteElo "2430"]
[BlackElo "2876"]
[TimeControl "180+1"]
[EndTime "10:06:49 PST"]
[Termination "Oleksandr_Bortnyk won on time"]

1. c4 Nf6 2. Nf3 b6 3. d4 Bb7 4.
g3 g6 5. Bg2 Bg7 6. O-O O-O 7.
Nc3 Ne4 8. Qc2 Nxc3 9. bxc3 Nc6 10.
Bf4 d6 11. Rfd1 Qc8 12. Rab1 Na5 13. c5 dxc5 14. dxc5 bxc5 15. Rb5 Nc4 16. Rxc5 Nd6 17. Qa4 a5 18. Rb1 Ra6 19. Be5 Bxf3 20. Bxf3 Qf5 21. Rd1 Bxe5 22. Rdd5 f6 23. Rxc7 Rf7 24. Rdc5 Kg7 25.
Bd5 e6 26. Rxf7+ Nxf7 27. Bc4 Qb1+ 28. Kg2 Qb6 29. Rb5 Qc6+ 30. f3 Nd6 31. Rxa5 Qxa4 0-1

[Event "*** Titled Tuesday Blitz"]
[Site "Chess.com"]
[Date "2020.12.01"]
[Round "1"]
[White "kingofthenil"]
[Black "LastHeroJr"]
[Result "0-1"]
[WhiteElo "2755"]
[BlackElo "2416"]
[TimeControl "180+1"]
[EndTime "10:06:49 PST"]
[Termination "LastHeroJr won on time"]

1. d4 Nf6 2. c4 g6 3. Nc3 Bg7 4. Nf3 d6 5. Bg5 O-O 6. e3 h6 7.
Bh4 g5 8. Bg3 Nh5 9. Bd3 e6 10.
Nd2 Nxg3 11. hxg3 Na6 12. Qh5 c5 13. Nb3 f5 14. O-O-O Qf6 15. g4 Nb4 16. Bb1 cxd4 17.
Nxd4 f4 18. Ne4 Qe5 19. a3 Nc6 20. g3 fxe3 21. fxe3 d5 22. Nc3 Qxe3+ 23. Rd2 Nxd4 24. Qg6 Rf6 25. Qh7+ Kf8 26. Bc2 Bd7 27. Kd1 Qf3+ 28. Kc1 Qxh1+ 29. Rd1 Qf3 30. Rxd4 Qe3+ 31. Rd2 Rf1+ 32.
Bd1 d4 0-1

[Event "*** Titled Tuesday Blitz"]
[Site "Chess.com"]
[Date "2020.12.01"]
[Round "1"]
[White "Gabrielian_Artur"]
[Black "Leo_C"]
[Result "1-0"]
[WhiteElo "2758"]
[BlackElo "2382"]
[TimeControl "180+1"]
[EndTime "10:06:49 PST"]
[Termination "Gabrielian_Artur won on time"]

1. e4 c6 2. d4 d5 3. Nd2 dxe4 4. Nxe4 Bf5 5. Ng3 Bg6 6. c3 Nf6 7. Nh3 e6 8. Nf4 Bd6 9. h4 Qc7 10. Qf3 Nbd7 11. h5 Bc2 12. h6 g5 13. Nfh5 Nxh5 14. Nxh5 O-O-O 15. Bxg5 Rde8 16. Ng7 e5 17. Nxe8 Rxe8 18. Kd2 Bg6 19. Re1 Qa5 20. Bc4 Rf8 21. Kc1 exd4 22. Bd2 Qc5 23. Bb3 Ne5 24. Qh3+ Kb8 25.
Rxe5 Bxe5 26. Re1 dxc3 27. bxc3 Qa3+ 28. Kd1 Bf6 29. Qg3+ Ka8 30. Qf4 Bh5+ 31. g4 Qb2 32.
Qxf6 Bxg4+ 33. f3 Qb1+ 34. Ke2 Re8+ 35. Kf2 1-0

[Event "*** Titled Tuesday Blitz"]
[Site "Chess.com"]
[Date "2020.12.01"]
[Round "1"]
[White "JoachimMouhamad"]
[Black "BillieKimbah"]
[Result "0-1"]
[WhiteElo "2421"]
[BlackElo "2854"]
[TimeControl "180+1"]
[EndTime "10:06:53 PST"]
[Termination "BillieKimbah won by resignation"]

1. e4 c6 2. d4 d5 3. Nc3 dxe4 4. Nxe4 Nf6 5. Nxf6+ exf6 6. c3 Bd6 7. Bd3 O-O 8. Ne2 Re8 9. O-O Nd7 10. Bf4 Nf8 11. Qd2 Ng6 12. Bxd6 Qxd6 13. Rfe1 Bg4 14. Ng3 a5 15. a4 Be6 16. Nf5 Qc7 17. g3 Rad8 18. Qc2 c5 19. Bb5 Rf8 20. Rad1 cxd4 21. Nxd4 Bd5 22.
f4 b6 23. Qf2 Ba8 24. Bf1 h6 25. Bg2 Bxg2 26. Qxg2 Qc4 27. Qc2 Rfe8 28. Rxe8+ Rxe8 29. Qb3 Qc7 30. Qd5 Qe7 31. Nf5 Qe2 32. Qd2 Qg4 33. Ne3 Qf3 34. Re1 h5 35. Nc2 Rxe1+ 36. Nxe1 Qe4 37. Nd3 Qxa4 38. Qe3 h4 39. Qxb6 Qd1+ 40.
Kf2 Qxd3 41. Qd8+ Qxd8 0-1

[Event "*** Titled Tuesday Blitz"]
[Site "Chess.com"]
[Date "2020.12.01"]
[Round "1"]
[White "Zajdanek"]
[Black "sara_khm"]
[Result "0-1"]
[WhiteElo "2285"]
[BlackElo "2594"]
[TimeControl "180+1"]
[EndTime "10:06:53 PST"]
[Termination "sara_khm won by resignation"]

1. e4 e5 2. Nf3 Nc6 3. Bb5 a6 4. Bxc6 dxc6 5. Nc3 f6 6. d4 exd4 7. Nxd4 c5 8. Nde2 Qxd1+ 9. Nxd1 Bd6 10. Bf4 Bxf4 11.
Nxf4 Bd7 12. Ne3 O-O-O 13. O-O-O Ne7 14. f3 Rhe8 15. Rd2 g5 16. Nfd5 Nxd5 17. Nxd5 f5 18. Rhd1 fxe4 19. Nf6 e3 20. Rxd7 Rxd7 21. Nxe8 Rf7 22. Re1 g4 23. Rxe3 h5 24. fxg4 hxg4 25. h4 Kd7 26. g3 Kd8 27. Kd2 Rf2+ 28. Kc3 Rf3 29. Rxf3 gxf3 30. Kd3 Kxe8 31. Ke3 b5 32.
Kxf3 a5 33. Ke4 c6 34. g4 a4 35. h5 c4 36. Kd4 Ke7 37. Kc5 Kf6 38. c3 Kg5 39.
Kxc6 b4 40. Kc5 a3 41. h6 Kxh6 42. Kxc4 axb2 43. cxb4 b1=Q 0-1

[Event "*** Titled Tuesday Blitz"]
[Site "Chess.com"]
[Date "2020.12.01"]
[Round "1"]
[White "AquivaRubinstein"]
[Black "RaneshRatnesan"]
[Result "1-0"]
[WhiteElo "2505"]
[BlackElo "2139"]
[TimeControl "180+1"]
[EndTime "10:06:53 PST"]
[Termination "AquivaRubinstein won by resignation"]

1. e4 c5 2. Nf3 d6 3. d4 cxd4 4. Nxd4 Nf6 5. Nc3 a6 6. Bg5 e6 7.
f4 Be7 8. Qf3 Qc7 9. O-O-O Nbd7 10. g4 b5 11. Bxf6 Nxf6 12. g5 Nd7 13. f5 O-O 14.
Rg1 b4 15. Nce2 e5 16. f6 exd4 17. fxe7 Re8 18. Nxd4 Ne5 19. Qg3 Qxe7 20. Nf5 Bxf5 21. exf5 g6 22. f6 Qc7 23. Kb1 Rec8 24. Rd2 Qd8 25.
h4 a5 26. h5 a4 27. hxg6 Nxg6 28. Rh1 b3 29. Qh3 bxc2+ 30. Kc1 Kf8 31. Qxh7 Ke8 32. Re2+ Ne5 33. Bh3 Qe7 34. fxe7 Nd3+ 35. Qxd3 1-0

[Event "*** Titled Tuesday Blitz"]
[Site "Chess.com"]
[Date "2020.12.01"]
[Round "1"]
[White "ShahMatKanal"]
[Black "PetrolulSah"]
[Result "0-1"]
[WhiteElo "2518"]
[BlackElo "2207"]
[TimeControl "180+1"]
[EndTime "10:06:54 PST"]
[Termination "PetrolulSah won by resignation"]

1. d4 Nf6 2. c4 g6 3. Nc3 d5 4. Nf3 Bg7 5. Bg5 Ne4 6. cxd5 Nxg5 7. Nxg5 e6 8. Nf3 exd5 9. e3 O-O 10. Bd3 c6 11. O-O Nd7 12. b4 Re8 13. b5 Nf6 14. bxc6 bxc6 15. Ne5 Bd7 16. Qc2 Ne4 17. Bxe4 dxe4 18.
Nxd7 Qxd7 19. Nxe4 Qf5 20. f3 c5 21. g4 Qd5 22.
dxc5 Bxa1 23. Rxa1 Qe5 24. Re1 Rac8 25. Qb3 Rb8 26. Qc4 Rb2 27. Re2 Rxe2 28. Qxe2 Rb8 29. Nf2 Rb1+ 30. Kg2 Rb2 31. Qd1 Qxe3 32. Qd8+ Kg7 33.
Qh4 g5 34. Qg3 Qxc5 35. h4 h6 36. h5 Rxa2 0-1

[Event "*** Titled Tuesday Blitz"]
[Site "Chess.com"]
[Date "2020.12.01"]
[Round "1"]
[White "Vincent_Vega95"]
[Black "Zmeeed63"]
[Result "1-0"]
[WhiteElo "2759"]
[BlackElo "2383"]
[TimeControl "180+1"]
[EndTime "10:06:55 PST"]
[Termination "Vincent_Vega95 won by resignation"]

1. d4 Nf6 2. c4 e6 3. Nc3 c5 4.
d5 exd5 5. cxd5 d6 6. e4 g6 7. f4 Bg7 8. Bb5+ Nfd7 9. Nf3 O-O 10. O-O a6 11. Bd3 b5 12. a3 Re8 13. Kh1 Nf8 14.
h3 Nbd7 15. Bc2 Qc7 16. Bd2 Nb6 17. f5 Nc4 18. Bc1 Nd7 19. Rb1 Nf6 20. b3 Nxa3 21.
Bxa3 b4 22. Bb2 bxc3 23. Bxc3 Nxe4 24. Bxg7 Kxg7 25. Bxe4 Rxe4 26. f6+ Kg8 27. Qd2 Qd8 28. Qh6 Qf8 29. Qxf8+ Kxf8 30. Rbe1 Bf5 31. Ng5 Rb4 32. Re7 Rxb3 33. Rxf7+ Ke8 34. Re1+ 1-0

[Event "*** Titled Tuesday Blitz"]
[Site "Chess.com"]
[Date "2020.12.01"]
[Round "1"]
[White "ondoko"]
[Black "Atousa1"]
[Result "0-1"]
[WhiteElo "2104"]
[BlackElo "2488"]
[TimeControl "180+1"]
[EndTime "10:06:55 PST"]
[Termination "Atousa1 won by resignation"]

1. e4 c5 2. Nf3 e6 3. d4 cxd4 4. Nxd4 a6 5. Bd3 Qc7 6. O-O Nf6 7. Qe2 Bc5 8. Nb3 Be7 9. Nc3 d6 10. a4 b6 11. f4 Nbd7 12. Bd2 Bb7 13. Rae1 O-O 14. e5 Nd5 15. Kh1 g6 16. Nxd5 Bxd5 17. exd6 Bxd6 18. Bc3 Bxf4 19. Qg4 Bh6 20. Qh4 Bg7 21.
Bxg7 Kxg7 22. Nd4 Qd8 23. Qg3 Rc8 24. b3 h6 25. c4 Bb7 26. Rxe6 Qg5 27. Qxg5 hxg5 28.
Re7 Nc5 29. Bc2 Rcd8 30. Nf3 Rfe8 31. Rxe8 Rxe8 32. b4 Ne4 33. Bxe4 Rxe4 34. Rc1 g4 35. Nd2 Re2 0-1

[Event "*** Titled Tuesday Blitz"]
[Site "Chess.com"]
[Date "2020.12.01"]
[Round "1"]
[White "ChelsieMonica"]
[Black "Matibar"]
[Result "0-1"]
[WhiteElo "2376"]
[BlackElo "2735"]
[TimeControl "180+1"]
[EndTime "10:06:56 PST"]
[Termination "Matibar won by resignation"]

1. c4 g6 2. Nf3 Bg7 3. g3 b6 4.
Bg2 Bb7 5. O-O e6 6. Nc3 Nf6 7. b3 O-O 8. Bb2 d5 9. cxd5 exd5 10. Rc1 d4 11. Nb5 c5 12. d3 Re8 13. Na3 Nc6 14. Nc4 Rc8 15. Re1 Rc7 16. Na3 Nb4 17. Nb5 Rce7 18. a3 Nc6 19. a4 Nd5 20. Na3 Nc3 21.
Bxc3 dxc3 22. Nc2 Nb4 23. Nxb4 cxb4 24. Qc2 Rd7 25. Red1 Ba6 26. Bf1 Qf6 27. Ne1 h5 28. Ng2 Bb7 29. h4 g5 30. hxg5 Qxg5 31. e3 Re6 32. d4 h4 33. Nf4 hxg3 34. Nxe6 gxf2+ 35. Kxf2 fxe6 36. e4 Qf4+ 37. Ke1 Bxe4 38. Bd3 Rxd4 39.
Bxe4 Rxe4+ 40. Qe2 Qh4+ 41. Kf1 Qh1+ 42. Kf2 Qh2+ 0-1

[Event "*** Titled Tuesday Blitz"]
[Site "Chess.com"]
[Date "2020.12.01"]
[Round "1"]
[White "YIYUKI"]
[Black "Vesper2018"]
[Result "0-1"]
[WhiteElo "2331"]
[BlackElo "2667"]
[TimeControl "180+1"]
[EndTime "10:06:56 PST"]
[Termination "Vesper2018 won by checkmate"]

1. e4 c5 2. Nf3 d6 3. Bb5+ Bd7 4.
Bxd7+ Qxd7 5. O-O Nf6 6. Re1 Nc6 7. c3 g6 8. d4 Bg7 9. Bg5 O-O-O 10. Nbd2 h6 11. Bh4 g5 12. Bg3 Nh5 13. d5 Nb8 14. a4 Nf4 15. Nc4 e6 16. Qd2 e5 17.
a5 Na6 18. b4 cxb4 19. cxb4 Kb8 20. Rac1 Rc8 21. Ne3 Bf6 22. Nf5 h5 23. Bxf4 exf4 24. N3d4 Be5 25. b5 Nc5 26. a6 Ka8 27. axb7+ Qxb7 28. Nc6 Nb3 29. Qb4 Nxc1 30. Rxc1 Rc7 31. Rc2 Qb6 32. Ra2 Rb8 33. Qa4 Rbb7 34. h4 g4 35.
Nxe5 dxe5 36. d6 Rc1+ 37. Kh2 g3+ 38. fxg3 Qg1+ 39. Kh3 Qh1# 0-1

[Event "*** Titled Tuesday Blitz"]
[Site "Chess.com"]
[Date "2020.12.01"]
[Round "1"]
[White "joejan"]
[Black "Mikhail_Golubev"]
[Result "0-1"]
[WhiteElo "2257"]
[BlackElo "2565"]
[TimeControl "180+1"]
[EndTime "10:06:56 PST"]
[Termination "Mikhail_Golubev won on time"]

1. e4 c5 2. Nc3 g6 3. f4 Bg7 4. Nf3 e6 5. Bc4 Ne7 6. d3 O-O 7. O-O d5 8. Bb3 Nbc6 9. Qe1 Nd4 10.
Qh4 c4 11. dxc4 dxc4 12. Bxc4 Nxc2 13. f5 Nxf5 14. Qxd8 Rxd8 15. exf5 Nxa1 16. Bg5 f6 17. fxe6 Re8 18. Rxa1 fxg5 19. Nxg5 Bf6 20. Nce4 Bxg5 21. Nxg5 h6 22. e7+ Kg7 23. Rf1 Rxe7 24. Nf3 Be6 25. Re1 Rae8 26. Bxe6 Rxe6 27. Rc1 Re2 28. Rb1 Rd8 29.
Kf1 Rc2 30. a4 Rdc8 31. Nd4 Rc1+ 32. Rxc1 Rxc1+ 33. Ke2 Rc4 34. Ne6+ Kf6 35. Nd8 Rb4 0-1

[Event "*** Titled Tuesday Blitz"]
[Site "Chess.com"]
[Date "2020.12.01"]
[Round "1"]
[White "bazar-wokzal"]
[Black "esrosenberg"]
[Result "1-0"]
[WhiteElo "2544"]
[BlackElo "2215"]
[TimeControl "180+1"]
[EndTime "10:06:56 PST"]
[Termination "bazar-wokzal won by checkmate"]

1. e4 c6 2. d4 d5 3. e5 c5 4. dxc5 e6 5. Be3 Nh6 6. Nf3 Nf5 7. Bd4 Nd7 8. Bb5 Qa5+ 9. Nc3 a6 10. Bxd7+ Bxd7 11. O-O Nxd4 12. Nxd4 Qxc5 13. Nce2 Be7 14. Kh1 O-O 15. f4 f6 16. Nf3 Rac8 17. c3 Qe3 18. Re1 Bb5 19. Ned4 Qxf4 20. Nxe6 Qc4 21. Nxf8 Rxf8 22.
Qd4 fxe5 23. Qxc4 Bxc4 24. Nxe5 Bf6 25. Nxc4 dxc4 26. Rad1 h5 27. g3 h4 28. Kg2 hxg3 29.
hxg3 b5 30. Rd6 a5 31. Rd5 b4 32. Re3 bxc3 33. bxc3 a4 34. Ra5 Rb8 35. Rxa4 Rb2+ 36. Kf3 Rc2 37. Rxc4 Rxa2 38. Rc5 Ra1 39. g4 Rf1+ 40. Ke4 Rg1 41. Kf5 Rf1+ 42. Kg6 Rd1 43. Re8# 1-0

[Event "*** Titled Tuesday Blitz"]
[Site "Chess.com"]
[Date "2020.12.01"]
[Round "1"]
[White "mbojan"]
[Black "Saylormoon"]
[Result "1-0"]
[WhiteElo "2683"]
[BlackElo "2345"]
[TimeControl "180+1"]
[EndTime "10:06:57 PST"]
[Termination "mbojan won by resignation"]

1. g3 c6 2. Bg2 d5 3. d3 e5 4.
Nd2 h5 5. Ngf3 Nd7 6. e4 Be7 7. d4 h4 8. Nxe5 Nxe5 9. dxe5 hxg3 10. hxg3 Rxh1+ 11. Bxh1 Nh6 12. exd5 cxd5 13. Nb3 Be6 14. Bxh6 gxh6 15. Qd2 Qc7 16. O-O-O Qxe5 17. Nd4 Bf6 18. f4 Qxd4 19. Qxd4 Bxd4 20. Rxd4 O-O-O 21. Rd3 Rg8 22. c3 Kc7 23. Kd2 h5 24. a3 Rh8 25. Bxd5 Bxd5 26. Rxd5 h4 27. gxh4 Rxh4 28. Rf5 Rh7 29.
Kd3 Kd7 30. Ke4 Ke6 31. Re5+ Kf6 32. Rb5 Ke6 33. f5+ Kf6 34. Rxb7 Rh4+ 35. Kd3 Kxf5 36. Rxf7+ 1-0

[Event "*** Titled Tuesday Blitz"]
[Site "Chess.com"]
[Date "2020.12.01"]
[Round "1"]
[White "IngOscarArdila"]
[Black "nochewycandy"]
[Result "0-1"]
[WhiteElo "2172"]
[BlackElo "2521"]
[TimeControl "180+1"]
[EndTime "10:06:58 PST"]
[Termination "nochewycandy won by resignation"]

1. d4 g6 2. c4 Bg7 3. Nc3 d6 4. e4 e5 5. d5 a5 6. Nf3 Na6 7.
Be2 Nc5 8. Bg5 f6 9. Be3 Bh6 10.
Bxc5 dxc5 11. O-O f5 12. exf5 Bxf5 13. Bd3 Nf6 14. Bxf5 gxf5 15. Nxe5 Qd6 16. Re1 O-O 17. Qf3 Ne4 18. Nxe4 Qxe5 19. Qg3+ Bg7 20. Nxc5 Qxb2 21. Ne6 Rf7 22. Rab1 Qxa2 23. Rxb7 Qxc4 24. Reb1 Re8 25.
Rb8 Qa4 26. h4 f4 27. Qg5 Qd7 28. h5 Kh8 29. h6 Bf6 30. Qf5 Bb2 31. Rxe8+ Qxe8 32. Qc2 Be5 33. Re1 Bd6 34. Qc3+ Kg8 35. f3 Qb8 36. Ng5 Bb4 37. Qd3 Qb6+ 38. Kf1 Bxe1 39. Kxe1 Re7+ 40. Kd1 Qe3 41. Qxe3 Rxe3 42. Ne6 Rxe6 43.
dxe6 Kf8 44. Kd2 Ke7 0-1

[Event "*** Titled Tuesday Blitz"]
[Site "Chess.com"]
[Date "2020.12.01"]
[Round "1"]
[White "djano"]
[Black "Micki-taryan"]
[Result "0-1"]
[WhiteElo "2455"]
[BlackElo "3009"]
[TimeControl "180+1"]
[EndTime "10:07:00 PST"]
[Termination "Micki-taryan won on time"]

1. d4 e6 2. Nf3 Nf6 3. Bf4 b6 4. e3 Bb7 5. Nbd2 Be7 6. Bd3 O-O 7. O-O Nh5 8. Re1 d6 9. a4 a6 10. c3 Nd7 11. Qc2 h6 12. Be4 Bxe4 13. Qxe4 Re8 14. h3 Nxf4 15. Qxf4 Bf8 16. e4 g6 17. Nf1 Bg7 18.
e5 dxe5 19. dxe5 Nc5 20. Red1 Qe7 21. b4 Nd7 22. Ne3 h5 23. Qe4 Rad8 24. a5 b5 25. Rd4 c5 26. bxc5 Nxc5 27. Qc6 Rc8 28. Qb6 Nb3 29. Rad1 Nxd4 30. cxd4 Ra8 31. d5 Qd8 32.
Qd4 Qxa5 33. d6 b4 34. Nc4 Qb5 35. Nfd2 a5 36. Ne4 a4 37. d7 Red8 38. Ned6 Qxd7 39. Qb6 a3 40. Qxb4 a2 41. Ra1 Bxe5 42. Nxe5 Qxd6 43.
Qe1 Qd5 44. f4 Rab8 45. Kh2 Rb2 0-1

[Event "*** Titled Tuesday Blitz"]
[Site "Chess.com"]
[Date "2020.12.01"]
[Round "1"]
[White "anon102030"]
[Black "barriochess"]
[Result "0-1"]
[WhiteElo "2717"]
[BlackElo "2392"]
[TimeControl "180+1"]
[EndTime "10:07:00 PST"]
[Termination "barriochess won on time"]

1. e4 d6 2. Nc3 Nf6 3. g3 g6 4. Bg2 Bg7 5. d3 O-O 6. f4 c5 7. Nf3 Nc6 8. h3 Rb8 9. O-O b5 10. a3 a5 11. Be3 b4 12. axb4 axb4 13. Na4 Ne8 14. Qd2 Nc7 15. f5 Nb5 16. Bh6 Nbd4 17.
Bxg7 Kxg7 18. b3 Nxf3+ 19. Rxf3 Nd4 20. Rf2 gxf5 21. exf5 e5 22. f6+ Kh8 23. Re1 Rg8 24. g4 Bb7 25. Ref1 Bxg2 26. Kxg2 Rg6 27. Kh1 Qd7 28. Qe3 Rbg8 29. Nb2 Ne6 30. Nc4 Nf4 31. Rxf4 exf4 32. Rxf4 Re8 33. Qf3 d5 34. Ne3 Re5 35. d4 cxd4 36. Rxd4 Qe6 37. Ng2 Rxf6 38. Qg3 Re2 39.
Nf4 Re1+ 40. Kg2 Qc8 0-1

[Event "*** Titled Tuesday Blitz"]
[Site "Chess.com"]
[Date "2020.12.01"]
[Round "1"]
[White "Gusarov91"]
[Black "c_r_e_e_p_e_r"]
[Result "1-0"]
[WhiteElo "2666"]
[BlackElo "2330"]
[TimeControl "180+1"]
[EndTime "10:07:00 PST"]
[Termination "Gusarov91 won by checkmate"]

1. d4 Nf6 2. Nf3 g6 3. c4 Bg7 4. Nc3 O-O 5. e4 d6 6. h3 Nc6 7. d5 Nb8 8. Bg5 Nbd7 9. Bd3 c6 10. O-O a5 11. Re1 Nc5 12. Bc2 Qb6 13. Rb1 Bd7 14.
Be3 Qa6 15. e5 Ne8 16. e6 fxe6 17. Bxc5 dxc5 18. dxe6 Bc8 19. Qe2 Nd6 20. Bd3 a4 21. Ne4 Nxe4 22. Qxe4 a3 23. b3 Rd8 24. Rbd1 b6 25.
Qf4 Rf8 26. Qg3 Bb7 27. Bxg6 hxg6 28. Qxg6 Rf6 29. Qh5 Raf8 30. Rd7 Qa5 31. Re4 Bc8 32. Rxe7 Rh6 33. Qg5 Qc3 34. Rg4 Rh7 35. Ne5 Qe1+ 36.
Kh2 Kh8 37. Rxg7 Rxg7 38. Qxg7# 1-0

[Event "*** Titled Tuesday Blitz"]
[Site "Chess.com"]
[Date "2020.12.01"]
[Round "1"]
[White "HackingKid98"]
[Black "MPGM"]
[Result "1-0"]
[WhiteElo "2351"]
[BlackElo "2630"]
[TimeControl "180+1"]
[EndTime "10:07:00 PST"]
[Termination "HackingKid98 won by resignation"]

1. d4 d5 2. c4 e6 3. Nf3 c5 4. g3 Nf6 5. Bg2 Nc6 6. O-O Be7 7.
cxd5 exd5 8. dxc5 Bxc5 9. a3 Ne4 10. b4 Be7 11. Bb2 Bf6 12. Qb3 Be6 13. Bxf6 Qxf6 14. Nbd2 Nc3 15. Rfe1 O-O 16. Rac1 d4 17. Qb2 Rfd8 18.
Nb3 Rac8 19. e3 Na4 20. Qb1 d3 21. Nbd4 Nxd4 22. exd4 Rxc1 23. Qxc1 Bd5 24. Qe3 Bxf3 25. Bxf3 Nb2 26. Qe8+ 1-0

[Event "*** Titled Tuesday Blitz"]
[Site "Chess.com"]
[Date "2020.12.01"]
[Round "1"]
[White "PriSachu"]
[Black "HrvojeZagreb"]
[Result "0-1"]
[WhiteElo "2542"]
[BlackElo "2255"]
[TimeControl "180+1"]
[EndTime "10:07:00 PST"]
[Termination "HrvojeZagreb won by resignation"]

1. e4 e6 2. Bb5 a6 3. Ba4 b5 4. Bb3 Bb7 5. d3 c5 6. c3 d5 7.
e5 f6 8. Nf3 fxe5 9. Nxe5 Nf6 10. O-O Bd6 11. Bf4 O-O 12. Nd2 Nc6 13. Re1 Qc7 14. Qe2 Rae8 15. Bg3 Nxe5 16. Bxe5 Bxe5 17. Qxe5 Qxe5 18. Rxe5 Nd7 19. Re2 e5 20. a4 c4 21.
Bc2 cxd3 22. Bxd3 e4 23. Bc2 Nc5 24. axb5 axb5 25. Nb3 Nxb3 26. Bxb3 Ra8 27. Rd1 Kh8 28. Red2 Rf5 29. h3 Raf8 30. Bxd5 Bxd5 31. Rxd5 Rxf2 32. Rxb5 e3 33. Re5 e2 34. Rd8 Rf1+ 35. Kh2 Rxd8 36. Rxe2 Rb1 37. Rc2 h6 38. c4 Rb8 39. c5 R1xb2 40.
Rc3 R2b7 41. c6 Rc7 42. Rc4 Rbc8 43. Rc3 Rxc6 44. Rd3 Rc3 45. Rd4 Kh7 46. Rd7 Rc2 47. Rd3 Rb2 48. Re3 Rcc2 49. Rg3 h5 0-1